 Dungeon Crawl Stone Soup version 0.31-a0-981-geadf994542 (webtiles) character file.

Game seed: 17598477085783901455

2271 tsujin the Covert (level 9, -6/42 (52) HPs)
             Began as a Vampire Necromancer on Oct 31, 2023.
             Was a Follower of Kikubaaqudgha.
             Mangled by a komodo dragon (30 damage)
             ... on level 8 of the Dungeon.
             The game lasted 00:23:12 (7495 turns).

tsujin the Covert (Vampire Necromancer)             Turns: 7495, Time: 00:23:13

HP:   -6/42 (52)    AC:  4    Str:  7    XL:     9   Next: 16%
MP:   5/16          EV: 15    Int: 21    God:    Kikubaaqudgha [*.....]
Gold: 389           SH:  4    Dex: 15    Spells: 1/15 levels left

rFire   + . .        m - staff of death
rCold   + + .        (no shield)
rNeg    + + +        a - +0 robe
rPois   ∞            (no helmet)
rElec   .            (no cloak)
rCorr   .            l - +0 pair of gloves
SInv    +            k - +0 pair of boots
Will    +....        (no amulet)
Stlth   ++++++       s - ring of willpower
HPRegen 0.00/turn    f - ring of protection from fire
MPRegen 0.15/turn

%: no passive effects
@: animating dead (expiring), bloodless, inhibited regen, hasted, heavily
drained, very quick
A: bloodless, fangs 3, see invisible, vampiric 2, large bone plates 1, high MP 1
a: Bat Form, Revivify, Renounce Religion, Unearth Wretches


You were on level 8 of the Dungeon.
You worshipped Kikubaaqudgha.
Kikubaaqudgha was aware of your devotion.
You visited 2 branches of the dungeon, and saw 9 of its levels.

You collected 389 gold pieces.

Inventory:

Hand Weapons
 j - the +5 mace of the Twelve Deaths {freeze, rN+}
   (You found it on level 3 of the Dungeon)

   rN+:       It protects you from negative energy.
Armour
 a - a +0 robe (worn)
 k - a +0 pair of boots (worn)
 l - a +0 pair of gloves (worn)
 q - a +0 buckler
Magical Staves
 i - a staff of fire
 m - a staff of death (weapon)
Jewellery
 f - a ring of protection from fire (right hand)
 s - a ring of willpower (left hand)
Scrolls
 g - a scroll of vulnerability
 o - 2 scrolls of amnesia
Potions
 b - a potion of attraction
 d - a potion of resistance {unknown}
 h - a potion of lignification
 t - a potion of might {unknown}


   Skills:
 + Level 4.2 Fighting
 - Level 2.8 Maces & Flails
 + Level 6.2 Dodging
 + Level 8.7 Stealth
 + Level 3.9 Spellcasting
 * Level 8.3 Necromancy


You had one spell level left.
You knew the following spells:

 Your Spells              Type           Power      Damage    Failure   Level
a - Necrotise             Necr           100%       1d9       1%          1
b - Vampiric Draining     Necr           55%        2d9       1%          3
c - Animate Dead          Necr           55%        N/A       4%          4
d - Kiss of Death         Conj/Necr      100%       2d13      2%          1
e - Dispel Undead         Necr           55%        3d20      4%          4
f - Shock                 Conj/Air       16%        1d4       12%         1

Your spell library contained the following spells:

 Spells                   Type           Power      Damage    Failure   Level
 Freeze                   Ice            16%        1d4       12%         1
 Sublimation of Blood     Necr           55%        N/A       1%          2
 Cigotuvi's Dreadful Rot  Necr/Pois/Air  46%        N/A       6%          2
 Agony                    Necr           55%        N/A       11%         5
 Ensorcelled Hibernation  Hex/Ice        8%         N/A       19%         2
 Jinxbite                 Hex            8%         N/A       19%         2
 Anguish                  Hex/Necr       16%        N/A       22%         4
 Confusing Touch          Hex            4%         N/A       36%         3
 Frozen Ramparts          Ice            8%         1d2       36%         3
 Hailstorm                Conj/Ice       4%         3d4       36%         3
 Swiftness                Air            4%         N/A       36%         3
 Airstrike                Air            2%         2d(1-17)  77%         4
 Brom's Barrelling Bould  Conj/Erth      4%         2d3       77%         4
 Iskenderun's Battlesphe  Conj           4%         2d6       98%         5
 Dragon's Call            Summ           2%         N/A       100%        9


Dungeon Overview and Level Annotations

Branches:
Dungeon (8/15)             Temple (1/1) D:5
   Lair: D:8-11

Altars:
Cheibriados
Dithmenos
Fedhas
Gozag
Hepliaklqana
Kikubaaqudgha
Nemelex Xobeh
Okawaru
Qazlal
Ru
Sif Muna
Trog
Uskayaw
Wu Jian
Xom
Yredelemnul

Shops:
D:5 :

Annotations:
D:4 1 runed translucent door, bchevrier's ghost, amateur GnWn


Innate Abilities, Weirdness & Mutations

You do not regenerate when monsters are visible.
You are frail without blood (-20% HP).
You can heal yourself when you bite living creatures.
You are immune to poison.
You have razor-sharp teeth.
You have supernaturally acute eyesight. (SInv)
You are afflicted with vampirism and can become a bat while bloodless.
You are partially covered in large bone plates. (SH +4)
You have an increased reservoir of magic. (+10% MP)


Message History

Cornered, the yak turns to fight!
You hit the yak.
The yak is lightly wounded.
The yak gores you!
You take 10 damage, and have 21/42 hp.
MASSIVE DAMAGE!!
The yak misses you.
Okay, then.
As you read the scroll of teleportation, it crumbles to dust.
You feel strangely unstable. The yak misses you.
Your surroundings suddenly seem different.
An orc and a gnoll come into view.
The orc shouts!
You hear a bellow!
The orc unwields a +0 short sword.
The orc wields a +0 sling.
The orc shoots a sling bullet.
The sling bullet closely misses you.
You hear a shout!
You hear a bellow!
You hear a shout!
You hear a bellow!
The gnoll shouts!
The killer bee seems to regain its courage.
A komodo dragon comes into view.
As you read the scroll of fear, it crumbles to dust.
You assume a fearsome visage.
The bullfrog looks frightened!
The komodo dragon resists with some effort.
The killer bee looks frightened! x2; The orc looks frightened!
The gnoll looks frightened!
A gnoll comes into view. It is wielding a +0 flail.
You start resting.
A komodo dragon is nearby!
Your reaping aura is weakening.
The komodo dragon attacks as it pursues you!
The komodo dragon misses you.
Okay, then.
There are monsters nearby!
It was a potion of mutation.
You feel extremely strange.
You feel more energetic.
Large bone plates grow over parts of your arms.
The komodo dragon barely misses you.
It was a potion of haste.
You feel yourself speed up. The gnoll barely misses you.
The komodo dragon bites you!!
Ouch! That really hurt!
You die...
Kikubaaqudgha rasps: "You have failed me!
Welcome... oblivion!"

.....### .......##
....P...#
.....P......
......P.....
####.P.P.#########
.#....gl.......#
ol...P..#....#g#
##.)....#.#..#@#
........#.#.##l#
......#.#......#
....P.#.###.##.#
PF.....g....####
...####.##### $..
#.# .. #.#


You could see a komodo dragon and a gnoll.

Vanquished Creatures
  Eustachio (D:6)
  An acid dragon (D:7)
  4 water moccasins
  2 sky beasts (D:6)
  A centaur (D:7)
  An ogre (D:6)
  2 bullfrogs (D:8)
  3 scorpions
  4 wights
  4 killer bees
  2 howler monkeys (D:6)
  A jelly (D:7)
  3 hounds
  2 sleepcaps
  Jessica (D:3)
  An iguana (D:4)
  3 orc wizards
  5 adders
  A shadow imp (D:6)
  2 white imps (D:7)
  2 worms
  2 dart slugs
  14 orcs
  6 bats
  5 endoplasms
  3 giant cockroaches
  2 goblins
  12 hobgoblins
  15 jackals
  7 kobolds
  8 quokkas
  9 ball pythons
  2 frilled lizards
  A rat (D:1)
132 creatures vanquished.

Vanquished Creatures (collateral kills)
  An orc (D:7)
  A ball python (D:1)
  An endoplasm (D:1)
  A giant cockroach (D:2)
  A goblin (D:1)
  A jackal (D:1)
  4 frilled lizards (D:1)
  4 rats
14 creatures vanquished.

Grand Total: 146 creatures vanquished

Notes
Turn   | Place    | Note
-------+----------+-------------------------------------------
     0 | D:1      | tsujin the Vampire Necromancer began the quest for the Orb.
     0 | D:1      | Reached XP level 1. HP: 13/13 MP: 3/3
   215 | D:1      | Reached XP level 2. HP: 12/19 MP: 0/5
   540 | D:1      | Gained mutation: You are afflicted with vampirism and can
                  | become a bat while bloodless. [Vampire growth]
   540 | D:1      | Reached XP level 3. HP: 19/19 MP: 0/6
   550 | D:1      | Learned a level 3 spell: Vampiric Draining
   816 | D:2      | Identified the "Qyminoet"
   816 | D:2      | Found a faded altar of an unknown god.
  1617 | D:3      | Reached XP level 4. HP: 24/24 MP: 3/7
  1796 | D:3      | Noticed Jessica
  1805 | D:3      | Killed Jessica
  1806 | D:3      | Reached skill level 5 in Necromancy
  2120 | D:3      | Identified the +5 mace of the Twelve Deaths {freeze, rN+}
  2638 | D:3      | Reached XP level 5. HP: 28/28 MP: 9/9
  2907 | D:4      | Reached skill level 5 in Stealth
  2910 | D:4      | Reached skill level 1 in Maces & Flails
  2962 | D:4      | Reached skill level 1 in Fighting
  2962 | D:4      | Reached XP level 6. HP: 20/34 MP: 1/10
  2967 | D:4      | Learned a level 4 spell: Animate Dead
  3144 | D:4      | Found an ornate altar of the Wu Jian Council.
  3311 | D:4      | Found a runed translucent door.
  3312 | D:4      | Noticed bchevrier's ghost (amateur GnWn)
  3442 | D:4      | Learned a level 1 spell: Kiss of Death
  3680 | D:5      | Entered Level 5 of the Dungeon
  3820 | D:5      | Noticed a water moccasin
  3905 | D:5      | Killed a water moccasin
  3906 | D:5      | Reached XP level 7. HP: 16/35 MP: 9/11
  4017 | D:5      | Found a blossoming altar of Fedhas.
  4024 | D:5      | Identified the +8 long sword "Hefeizur" {antimagic, rElec
                  | rPois}
  4034 | D:5      | Found a basalt altar of Yredelemnul.
  4082 | D:5      | Found a staircase to the Ecumenical Temple.
  4173 | Temple   | Entered the Ecumenical Temple
  4201 | Temple   | Became a worshipper of Kikubaaqudgha
  4664 | D:5      | Found Bicuerud's Book Shop.
  4737 | D:6      | Noticed Eustachio
  4779 | D:6      | Killed Eustachio
  4985 | D:6      | Reached skill level 5 in Dodging
  5372 | D:6      | Identified a scroll of acquirement
  5372 | D:6      | Acquired a staff of death
  5481 | D:6      | Reached XP level 8. HP: 46/46 MP: 4/12
  5982 | D:6      | Learned a level 4 spell: Dispel Undead
  6618 | D:7      | Learned a level 1 spell: Shock
  7163 | D:7      | Reached XP level 9. HP: 33/42 MP: 8/14
  7303 | D:8      | Reached * piety under Kikubaaqudgha
  7303 | D:8      | Received a gift from Kikubaaqudgha
  7475 | D:8      | Noticed a komodo dragon
  7494 | D:8      | Gained mutation: You have an increased reservoir of magic.
                  | (+10% MP) [potion of mutation]
  7494 | D:8      | Gained mutation: You are partially covered in large bone
                  | plates. (SH +4) [potion of mutation]
  7495 | D:8      | Mangled by a komodo dragon

Illustrated notes

Levels and vault maps discovered:
D:1:      giann_wishing_wells, layout_rooms, minmay_misc_feat_diagonals
D:2:      layout_basic, nicolae_ecumenical_pavilion
D:3:      layout_basic, st_stairs_12, kennysheep_jessica_study
D:4:      layout_loops_ring, overflow_temple_1_default,
          ebering_ghost_inner_flame
D:5:      layout_rooms, minitemple, temple_pool_b, serial_shops,
          nicolae_diamond_shop
D:6:      layout_loops_ring, uniq_eustachio
D:7:      layout_cave_pools
D:8:      layout_basic, grunt_temple_overflow_lords_of_destruction,
          mainiacjoe_overflow_tiny_flanked, grunt_lair_entry_orc_guard_hut,
          minmay_joined_circles
Temple:   lightli_temple_of_artemis

Skill      XL: |  1  2  3  4  5  6  7  8 |
---------------+-------------------------+-----
Stealth        | 4 5 6 7 8 |  8.7
Dodging        | 3 4 5 6 |  6.2
Necromancy     | 5 6 8 |  8.3
Maces & Flails | 1 2 |  2.8
Fighting       | 1 2 3 4 |  4.2
Spellcasting   | 3 |  3.9

Action                     |  1- 3 |  4- 6 |  7- 9 || total
---------------------------+-------+-------+-------++-------
  Melee: Unarmed           |    34 |     4 |       ||    38
         Punch             |     1 |       |     1 ||     2
         Bite              |     2 |     8 |    14 ||    24
         Mace              |       |    71 |    58 ||   129
         Staff             |       |       |    45 ||    45
   Cast: Necrotise         |    77 |    41 |    74 ||   192
         Vampiric Draining |     1 |     8 |    27 ||    36
         Kiss of Death     |       |     4 |     5 ||     9
         Animate Dead      |       |     2 |     6 ||     8
         Shock             |       |       |     7 ||     7
         Dispel Undead     |       |       |     3 ||     3
Ability: Exsanguinate      |     1 |       |       ||     1
         End Transformatio |       |       |     1 ||     1
         Bat Form          |       |       |     1 ||     1
    Use: Potion            |     1 |       |     5 ||     6
         Scroll            |     4 |     4 |     8 ||    16
   Stab: Sleeping          |       |     4 |     1 ||     5
 Armour: Robe              |    19 |    41 |   150 ||   210
  Dodge: Dodged            |    34 |    68 |   181 ||   283

Table legend: (Time is in decaauts)
 A = Elapsed time spent in this place.
 B = Non-inter-level travel time spent in this place.
 C = Inter-level travel time spent in this place.
 D = Time resting spent in this place.
 E = Time spent auto-exploring this place.
 F = Levels seen in this place.
 G = Mean time per level.
                   A        B        C        D        E       F      G
               +--------+--------+--------+--------+--------+-----+--------+
         Total |   7548 |   7353 |    195 |   1217 |   4462 |   9 |  838.7 |
       Dungeon |   7489 |   7294 |    195 |   1217 |   4462 |   8 |  936.1 |
        Temple |     58 |     58 |      0 |      0 |      0 |   1 |   58.0 |
               +--------+--------+--------+--------+--------+-----+--------+

Top non-repeatable levels by time:
     D:6: 1434 daAuts
     D:7: 1151 daAuts
     D:3: 1101 daAuts
     D:5: 980 daAuts
     D:4: 911 daAuts
     D:2: 875 daAuts
     D:1: 816 daAuts
     D:8: 219 daAuts
  Temple: 58 daAuts
